 Dungeon Crawl Stone Soup version 0.32-a0-928-g1cae6b7ea0 (webtiles) character file.

Game seed: 14693708850008736119

31 KEVIN the Conjurer (level 3, 18/18 HPs)
             Began as a Felid Conjurer on Apr 12, 2024.
             Quit the game on level 1 of the Dungeon.
             The game lasted 00:02:29 (804 turns).

KEVIN the Conjurer (Felid Conjurer)                  Turns: 804, Time: 00:02:30

Health: 18/18      AC:  1    Str:  5    XL:     3   Next: 7%
Magic:  7/7        EV: 16    Int: 21    God:
Gold:   47         SH:  0    Dex: 14    Spells: 5/6 levels left
                                        Lives:  1   Deaths: 0

rFire   . . .        (weapon unavailable)
rCold   . . .        (shield unavailable)
rNeg    . . .        (body armour unavailable)
rPois   .            (helmet unavailable)
rElec   .            (cloak unavailable)
rCorr   .            (gloves unavailable)
SInv    +            (boots unavailable)
Will    .....        (no amulet)
Stlth   ++           (no ring)
HPRegen 0.23/turn    (no ring)
MPRegen 0.10/turn

%: no passive effects
@: no status effects
A: very small, claws 1, fangs 3, see invisible, shaggy fur 1, stealthy paws, no
weapons or thrown items, no armour, multi-lived
a: no special abilities


You were on level 1 of the Dungeon.
You visited 1 branch of the dungeon, and saw 1 of its levels.

You collected 47 gold pieces.

Inventory:

Scrolls
 b - 3 scrolls of teleportation {unknown}
 e - a scroll of identify {unknown}
 f - a scroll of poison {unknown}
 g - 2 scrolls of enchant weapon {unknown}
Potions
 a - a potion of magic
 c - 2 potions of brilliance {unknown}
 d - a potion of curing {unknown}


   Skills:
 * Level 1.0 Fighting
 * Level 3.1 Dodging
 * Level 3.3 Stealth
 * Level 0.9 Unarmed Combat
 * Level 2.3 Spellcasting
 - Level 3.6 Conjurations


You had 5 spell levels left.
You knew the following spells:

 Your Spells              Type           Power      Damage    Failure   Level
a - Magic Dart            Conj           68%        1d6       3%          1

Your spell library contained the following spells:

 Spells                   Type           Power      Damage    Failure   Level
 Searing Ray              Conj           34%        2d5       4%          2
 Fulminant Prism          Conj/Alch      5%         3d6       56%         4
 Iskenderun's Mystic Bla Conj/Tloc 10%            2d4        (+2d2     56%         4


Dungeon Overview and Level Annotations

Branches:
Dungeon (1/15)

Altars:


Innate Abilities, Weirdness & Mutations

You have sharp claws.
You have razor-sharp teeth.
You have supernaturally acute eyesight. (SInv)
You are covered in fur. (AC +1)
Your paws help you pounce on unaware monsters.
You are incapable of wielding weapons or throwing items.
You cannot wear armour.
You gain extra lives every three experience levels.


Message History

A dart slug comes into view.
The magic dart hits the dart slug.
The dart slug is heavily wounded.
The dart slug launches a dart at you. The slug dart misses you.
The magic dart hits the dart slug.
The dart slug is severely wounded.
The magic dart hits the dart slug.
You kill the dart slug!
Your Fighting skill increases to level 1!
You have reached level 3!
Your experience leads to an increase in your attributes!
Increase (S)trength, (I)ntelligence, or (D)exterity?
You feel stronger. x2
Found an escape hatch in the floor.
You can't see any susceptible monsters within range! (Use Z to cast anyway.)
A hobgoblin comes into view.
There is an escape hatch in the floor here.
The magic dart hits the hobgoblin.
The hobgoblin is lightly wounded.
The hobgoblin shouts!
An endoplasm comes into view.
The magic dart hits the hobgoblin.
The hobgoblin is severely wounded.
The endoplasm quivers.
The magic dart hits the hobgoblin.
You kill the hobgoblin!
The magic dart hits the endoplasm.
The endoplasm is moderately wounded.
The magic dart hits the endoplasm.
You kill the endoplasm!
You can't see any susceptible monsters within range! (Use Z to cast anyway.)
You can't see any susceptible monsters within range! (Use Z to cast anyway.) Done exploring.
You can't see any susceptible monsters within range! (Use Z to cast anyway.)
You can't see any susceptible monsters within range! (Use Z to cast anyway.) Done exploring.
Done exploring.
There is an escape hatch in the floor here.
Are you sure you want to abandon this character and quit the game? (Confirm with "yes".)

.......### #..##.#
.#####...####.###.# .#
###......# #.#
.########.....# #.#
..##..........# #.#
........##...## #.#####
#.[..#..#...## #.#...#
.......##.#.#####.#...#
..............).@.....#
.............####.#...#
##..........#####.#...####
..............#..........#
##..........#.#..........#
............#............#
.........................#
.#..........###..........#
.#.......^....#..........#


There were no monsters in sight!

Vanquished Creatures
  A dart slug (D:1)
  A ball python (D:1)
  A bat (D:1)
  4 endoplasms (D:1)
  A giant cockroach (D:1)
  4 goblins (D:1)
  6 hobgoblins (D:1)
  2 kobolds (D:1)
  A quokka (D:1)
  2 rats (D:1)
23 creatures vanquished.

Notes
Turn   | Place    | Note
-------+----------+-------------------------------------------
     0 | D:1      | KEVIN the Felid Conjurer began the quest for the Orb.
     0 | D:1      | Reached XP level 1. HP: 9/9 MP: 4/4
   161 | D:1      | Reached XP level 2. HP: 14/14 MP: 3/6
   664 | D:1      | Reached skill level 1 in Fighting
   664 | D:1      | Reached XP level 3. HP: 18/18 MP: 3/7
   804 | D:1      | Quit the game

Illustrated notes

Levels and vault maps discovered:
D:1:      saegor_arrival_simple_c, layout_rooms

Skill      XL: |  1  2 |
---------------+-------+-----
Stealth        | 3 |  3.3
Dodging        | 3 |  3.1
Fighting       | 1 |  1.0
Unarmed Combat | |  0.9
Spellcasting   | |  2.3
Conjurations   | |  3.6

Action                     || total
---------------------------++-------
  Melee: Unarmed           ||    52
         Bite              ||     4
   Cast: Magic Dart        ||    32
 Armour: Skin              ||    18
  Dodge: Dodged            ||    41

Table legend: (Time is in decaauts)
 A = Elapsed time spent in this place.
 B = Non-inter-level travel time spent in this place.
 C = Inter-level travel time spent in this place.
 D = Time resting spent in this place.
 E = Time spent auto-exploring this place.
 F = Levels seen in this place.
 G = Mean time per level.
                   A        B        C        D        E       F      G
               +--------+--------+--------+--------+--------+-----+--------+
         Total |    803 |    632 |    171 |      0 |    486 |   1 |  803.0 |
       Dungeon |    803 |    632 |    171 |      0 |    486 |   1 |  803.0 |
               +--------+--------+--------+--------+--------+-----+--------+

Top non-repeatable levels by time:
     D:1: 803 daAuts
